 Dungeon Crawl Stone Soup version 0.31-a0-210-gccc998df9b (webtiles) character file.

Game seed: 5878453538745441455

324 Dylgear the Chopper (level 6, -2/48 HPs)
             Began as a Demonspawn Fighter on June 29, 2023.
             Succumbed to Dowan's poison
             ... on level 4 of the Dungeon.
             The game lasted 00:08:50 (2544 turns).

Dylgear the Chopper (Demonspawn Fighter)            Turns: 2544, Time: 00:08:50

Health: -2/48      AC:  8    Str: 16    XL:     6   Next: 23%
Magic:  6/6        EV:  9    Int:  9    God:
Gold:   192        SH:  5    Dex: 15    Spells: 5/5 levels left

rFire   x . .        a - +0 war axe
rCold   + . .        c - +0 buckler
rNeg    . . .        b - +0 scale mail
rPois   .            (no helmet)
rElec   .            (no cloak)
rCorr   .            (no gloves)
SInv    .            (no boots)
Will    .....        l - amulet of regeneration Stlth
                     q - ring of ice
HPRegen 1.08/turn    (no ring)
MPRegen 0.20/turn

%: no passive effects
@: mighty, brilliant, lethally poisoned (-2 -> -20), attractive
A: foul stench 1, magic regeneration, sharp scales 1, demonic touch 1
a: no special abilities


You were on level 4 of the Dungeon.
You visited 1 branch of the dungeon, and saw 4 of its levels.

You collected 192 gold pieces.

Inventory:

Hand Weapons
 a - a +0 war axe (weapon)
Armour
 b - a +0 scale mail (worn)
 c - a +0 buckler (worn)
Jewellery
 f - a ring of wizardry
 j - a +6 ring of intelligence
 l - an amulet of regeneration (around neck)
 o - an amulet of magic regeneration
 q - a ring of ice (left hand)
Wands
 r - a wand of iceblast (11)
Scrolls
 i - a scroll of enchant weapon {unknown}
 m - a scroll of torment {unknown}
 p - a scroll of identify
Potions
 g - a potion of attraction
 h - 2 potions of brilliance
 k - a potion of cancellation {unknown}
 n - 6 potions of mutation {unknown}
 s - a potion of enlightenment {unknown}


   Skills:
 + Level 3.7 Fighting
 + Level 4.2 Axes
 + Level 3.8 Armour
 + Level 0.6 Dodging
 + Level 3.6 Shields


You had 5 spell levels left.
You didn't know any spells.
Your spell library contained the following spells:

 Spells                   Type           Power      Damage    Failure   Level
 Malign Gateway           Summ/Tloc      0%         N/A       100%        7
 Summon Horrible Things   Summ           0%         N/A       100%        8


Dungeon Overview and Level Annotations

Branches:
Dungeon (4/15)
 Temple: D:4-7

Altars:
Qazlal

Shops:
D:2 !

Annotations:
D:4 Dowan


Innate Abilities, Weirdness & Mutations

You may rarely emit foul miasma when damaged in melee.
You regenerate magic rapidly.
You are partially covered in razor-sharp scales. (AC +1, Slay +1)
Your touch may inflict minor irresistible damage on your foes.


Message History

Dowan blinks!
You feel very sick.
Dowan gestures wildly while chanting.
Dowan blinks!
You feel very sick. Dowan gestures at you while chanting.
The shard of ice hits you! You partially resist.
* * * LOW HITPOINT WARNING * * *
You feel better.
Dowan mumbles some strange words.
Dowan blinks!
You hit Dowan.
Dowan is heavily wounded.
Dowan hits you with a +2 dagger of venom.
You are poisoned.
Dowan hits you but does no damage.
You barely miss Dowan.
Dowan is heavily wounded.
You feel very sick.
Dowan hits you with a +2 dagger of venom.
You are more poisoned.
Dowan gestures wildly while chanting.
Dowan blinks!
You feel very sick.
It was a potion of attraction.
You feel attractive to monsters.
You feel very sick. Dowan is attracted toward you.
You slash Dowan!
Dowan is almost dead.
You feel very sick.
Dowan hits you with a +2 dagger of venom.
* * * LOW HITPOINT WARNING * * *
You are more poisoned.
Dowan hits you but does no damage.
You are more poisoned.
Unknown command.
It was a potion of brilliance.
You feel clever all of a sudden.
You die...

..# #.^.<.....##........
#####......#..###..#....
#..#######.###.......
##.# #.##........
#..######.....#.....
............##.....
#..ยง..............
#.e#####.....#.... #@##
#.#######.. #.# ##.#
#... ##)# ###..# #...
#..###....# #...
###.........# ##...
#...#.######.# #....
#.##...## ..# #....
#####.#.....# .#....###
#............# ####.


You could see Dowan (fast).

Vanquished Creatures
  Duvessa (D:4)
  2 hounds (D:4)
  A jelly (D:4)
  Ijyb (D:4)
  5 adders
  A worm (D:4)
  3 dart slugs
  2 orcs (D:3)
  6 ball pythons
  5 endoplasms
  3 giant cockroaches
  5 goblins
  4 hobgoblins
  4 quokkas
  7 bats
  4 frilled lizards
  4 kobolds
  A rat (D:3)
59 creatures vanquished.

Notes
Turn   | Place    | Note
-------+----------+-------------------------------------------
     0 | D:1      | Dylgear the Demonspawn Fighter began the quest for the Orb.
     0 | D:1      | Reached XP level 1. HP: 18/18 MP: 1/1
   144 | D:1      | Gained mutation: You are partially covered in razor-sharp
                  | scales. (AC +1, Slay +1) [demonic ancestry]
   144 | D:1      | Reached XP level 2. HP: 21/24 MP: 2/2
   262 | D:1      | Reached skill level 2 in Axes
   721 | D:2      | Gained mutation: You regenerate magic rapidly. [demonic
                  | ancestry]
   721 | D:2      | Reached XP level 3. HP: 29/29 MP: 3/3
  1109 | D:2      | Identified the +0 robe of Hiuleway {Contam Regen+ Dex+7
                  | SInv}
  1366 | D:2      | Found Doyv's Distillery.
  1681 | D:3      | Reached XP level 4. HP: 35/35 MP: 4/4
  1689 | D:3      | Reached skill level 3 in Axes
  1869 | D:3      | Found a stormy altar of Qazlal.
  1870 | D:3      | Noticed an earth elemental
  1872 | D:3      | Noticed a fire elemental
  1873 | D:3      | Noticed an air elemental
  1873 | D:3      | Noticed a water elemental
  2090 | D:4      | Noticed Ijyb
  2101 | D:4      | Killed Ijyb
  2102 | D:4      | Gained mutation: You may rarely emit foul miasma when
                  | damaged in melee. [demonic ancestry]
  2102 | D:4      | Reached XP level 5. HP: 36/41 MP: 5/5
  2488 | D:4      | Noticed Dowan
  2488 | D:4      | Noticed Duvessa
  2526 | D:4      | Killed Duvessa
  2527 | D:4      | Reached skill level 4 in Axes
  2527 | D:4      | Gained mutation: Your touch may inflict minor irresistible
                  | damage on your foes. [demonic ancestry]
  2527 | D:4      | Reached XP level 6. HP: 13/48 MP: 6/6
  2544 | D:4      | Succumbed to Dowan's poison

Illustrated notes

Levels and vault maps discovered:
D:1:      co_arrival_hexagon_in_a_hexagon, layout_basic,
          minmay_shallow_snake_nest
D:2:      layout_basic, serial_shops, shop
D:3:      layout_rooms, nicolae_qazlal_style_of_elements
D:4:      layout_layer_cave, mrwooster_statue_mirror, uniq_duvessa, uniq_ijyb

Skill      XL: |  1  2  3  4  5 |
---------------+----------------+-----
Axes           | 2 3 4 |  4.2
Shields        | 3 |  3.6
Armour         | 3 |  3.8
Fighting       | |  3.7
Dodging        | |  0.6

Action                     |  1- 3 |  4- 6 || total
---------------------------+-------+-------++-------
  Melee: War axe           |    99 |    86 ||   185
    Use: Scroll            |     5 |       ||     5
         Potion            |       |     7 ||     7
 Armour: Scale mail        |    49 |    38 ||    87
  Dodge: Dodged            |    48 |    37 ||    85
  Block: Buckler           |    20 |    23 ||    43

Table legend: (Time is in decaauts)
 A = Elapsed time spent in this place.
 B = Non-inter-level travel time spent in this place.
 C = Inter-level travel time spent in this place.
 D = Time resting spent in this place.
 E = Time spent auto-exploring this place.
 F = Levels seen in this place.
 G = Mean time per level.
                   A        B        C        D        E       F      G
               +--------+--------+--------+--------+--------+-----+--------+
         Total |   2621 |   2380 |    241 |      0 |   1804 |   4 |  655.2 |
       Dungeon |   2621 |   2380 |    241 |      0 |   1804 |   4 |  655.2 |
               +--------+--------+--------+--------+--------+-----+--------+

Top non-repeatable levels by time:
     D:2: 883 daAuts
     D:1: 822 daAuts
     D:4: 502 daAuts
     D:3: 412 daAuts
